 Dungeon Crawl Stone Soup version 0.28.0 (webtiles) character file.

Game seed: 16148241132369053924

67 ProzacElf the Covered (level 3, 0/31 HPs)
             Began as a Palentonga Fighter on Feb 7, 2022.
             Was a Follower of Qazlal.
             Slain by a goblin (2 damage)
             ... led by Robin
             ... on level 2 of the Dungeon.
             The game lasted 00:01:42 (1213 turns).

ProzacElf the Covered (Palentonga Fighter)          Turns: 1213, Time: 00:01:43

Health: 0/31       AC:  6    Str: 19    XL:     3   Next: 98%
Magic:  3/3        EV:  7    Int:  8    God:    Qazlal [*.....]
Gold:   54         SH:  6    Dex: 11    Spells: 2/2 levels left

rFire   . . .      SeeInvis +   a - +0 long sword
rCold   . . .      Faith    .   c - +0 buckler
rNeg    . . .      Spirit   .   b - +0 scale mail
rPois   .          Reflect  .   (no helmet)
rElec   .          Harm     .   (no cloak)
rCorr   .          Rampage  .   (no gloves)
Will    .....                   (no barding)
Stlth   ..........              (no amulet)
HPRegen 0.10/turn               (no ring)
MPRegen 0.08/turn               (no ring)

@: no status effects
A: large, rugged brown scales 3, see invisible, deformed body, roll 1, armoured
tail
a: Rolling Charge, Renounce Religion


You were on level 2 of the Dungeon.
You worshipped Qazlal.
Qazlal was aware of your devotion.
You visited 1 branch of the dungeon, and saw 2 of its levels.

You collected 54 gold pieces.

Inventory:

Hand Weapons
 a - a +0 long sword (weapon)
Missiles
 g - 33 bolts
 i - 14 stones
 l - 2 throwing nets (quivered)
Armour
 b - a +0 scale mail (worn)
 c - a +0 buckler (worn)
Scrolls
 e - a scroll of blinking {unknown}
 f - 2 scrolls of teleportation {unknown}
 h - 2 scrolls of identify {unknown}
 k - a scroll of acquirement {unknown}
Potions
 d - a potion of might
 j - a potion of curing {unknown}
 m - a potion of attraction {unknown}
 n - a potion of cancellation {unknown}


   Skills:
 - Level 3.0 Fighting
 + Level 3.3 Long Blades
 + Level 3.3 Armour
 - Level 2.4 Shields


You had 2 spell levels left.
You didn't know any spells.
Your spell library was empty.

Dungeon Overview and Level Annotations

Branches:
Dungeon (2/15)

Altars:
Qazlal

Annotations:
D:2 Robin


Innate Abilities, Weirdness & Mutations

You are completely covered in rugged brown scales. (AC +3, +7% HP)
You have supernaturally acute eyesight. (SInv)
Armour fits poorly on your strangely shaped body.
You can roll at nearby foes to attack.
You have a long armoured tail.


Message History

Ye barely miss tha goblin.
Tha goblin hits ye but does nay damage.
Tha goblin barely misses ye.
Robin throws tha goblin at ye!
Tha goblin hits ye wit' a +0 dagger.
Ye take 2 damage, an' haf 25/31 hp.
Ye slash tha goblin!
Ye kill tha goblin!
Qazlal accepts yer kill.
Ye block tha goblin's attack.
Tha goblin hits ye but does nay damage.
Ye hit tha hobgoblin but do nay damage.
Tha hobgoblin hits ye.
Tha goblin hits ye wit' a +0 club.
Tha goblin hits ye but does nay damage.
Ye take 9 damage, an' haf 16/31 hp.
MASSIVE DAMAGE!!
Ye closely miss tha goblin.
Tha hobgoblin barely misses ye.
Tha goblin hits ye but does nay damage. x2; Tha hobgoblin hits ye.
Ye take 1 damage, an' haf 15/31 hp.
Tha goblin shouts!
Ye slash tha goblin!
Ye kill tha goblin!
Qazlal accepts yer kill.
Tha goblin hits ye but does nay damage.
Robin throws tha goblin at ye!
Tha hobgoblin hits ye but does nay damage.
Ye block tha goblin's attack.
Ye closely miss tha goblin.
Tha goblin barely misses ye.
Tha hobgoblin hits ye.
Tha goblin hits ye but does nay damage.
Tha goblin barely misses ye.
Ye take 1 damage, an' haf 14/31 hp.
Ye barely miss tha goblin.
Yer tail-slap misses tha goblin.
A jackal comes inta view.
Tha hobgoblin barely misses ye.
Tha goblin closely misses ye.
Tha goblin hits ye but does nay damage.
Ye hit tha goblin.
Ye kill tha goblin!
Qazlal accepts yer kill.
Robin throws tha goblin at ye!
Tha hobgoblin barely misses ye.
Tha goblin hits ye wit' a +0 club.
* * * LOW HITPOINT WARNIN'
* * * Tha goblin barely misses ye.
Tha hobgoblin hits ye.
* * * LOW HITPOINT WARNIN'
* * * Ye barely miss tha goblin.
Tha goblin hits ye but does nay damage.
Ye block tha goblin's attack.
Ye block tha hobgoblin's attack.
Tha goblin hits ye wit' a +0 club.
Ye die...

#..........#
#..........#
#..........#
#..........#
#...hh.....# ##
#...ggg....#
.#..
#####J###### .#.
#g# ..
##@####### .#
#.gg.....###.#
#.
#............#
#.##
#............#
#...
...#...........#
#...
##.#######.....#
#... #. #.....#
#... #. #.....#
#... ####.....#
#...


You could see Robin, an endoplasm, 2 jackals, 3 hobgoblins and 2 goblins.

Vanquished Creatures
  A centaur skeleton (D:2)
  A dart slug (D:1)
  5 bats
  4 endoplasms
  A giant cockroach (D:1)
  9 goblins
  2 hobgoblins
  3 ball pythons
  6 frilled lizards
  5 rats
37 creatures vanquished.

Notes
Turn   | Place    | Note
-------+----------+-------------------------------------------
     0 | D:1      | ProzacElf the Palentonga Fighter began the quest for the
                  | Orb.
     0 | D:1      | Reached XP level 1. HP: 19/19 MP: 1/1
   251 | D:1      | Reached XP level 2. HP: 25/25 MP: 2/2
   644 | D:1      | Found a faded altar of an unknown god.
   651 | D:1      | Prayed at the altar of an unknown god.
   651 | D:1      | Became a worshipper of Qazlal Stormbringer
   651 | D:1      | Reached * piety under Qazlal
   878 | D:2      | Reached XP level 3. HP: 24/31 MP: 3/3
  1192 | D:2      | Noticed Robin
  1213 | D:2      | Slain by a goblin

Illustrated notes

Levels and vault maps discovered:
D:1:      heliophobic_arrival_dark_side_of_the_moon, layout_basic,
          basic_ecumenical_altar, minmay_pentomino_z2
D:2:      layout_basic, uniq_robin, uniq_natasha

Skill      XL: |  1  2 |
---------------+-------+-----
Armour         | 3 |  3.3
Long Blades    | 3 |  3.3
Fighting       | |  3.0
Shields        | |  2.4

Action                   || total
-------------------------++-------
Melee: Long sword        ||    82
       Tailslap          ||     7
Armor: Scale mail        ||    54
Dodge: Dodged            ||    35
Block: Buckler           ||    16
